 Dungeon Crawl Stone Soup version 0.30-b1-2-g02819fbbbe (webtiles) character file.

Game seed: 6240509818013268648

269244 Alarkh the Devastator (level 19, -1/141 (144) HPs)
             Began as a Demonspawn Conjurer on May 30, 2023.
             Was a Follower of Uskayaw.
             Shot with a bolt by an orc warrior (11 damage)
             ... led by Saint Roka
             ... on level 2 of the Vaults on May 31, 2023.
             The game lasted 02:49:01 (54507 turns).

Alarkh the Devastator (Demonspawn Conjurer)        Turns: 54507, Time: 02:49:02

HP:   -1/141 (144)  AC: 20    Str:  6    XL:     19   Next: 39%
MP:   4/33          EV: 11    Int: 36    God:    Uskayaw [*.....]
Gold: 2614          SH: 15    Dex: 10    Spells: 5/39 levels left

rFire   + + +        b - staff of conjuration
rCold   + + .        m - +5 Storm Queen's Shield {shock, Fly rElec}
rNeg    + . .        R - +1 robe of the Shifting Gods {rF+ Int+3 SInv}
rPois   +            (helmet restricted)
rElec   +            G - +2 cloak of Lialo {Slay+2}
rCorr   +            C - +2 pair of gloves
SInv    +            V - +2 pair of boots {Fly}
Will    +....        g - amulet of Leesto {Faith rF+ rC- rN+}
Stlth   ++++         Q - ring "Laejaj" {rF+ rC+ AC+4}
HPRegen 0.43/turn    v - ring of Rul Hoi {Ice rPois}
MPRegen 0.23/turn

%: faith
@: resistant, marked, flayed, flying, studying Throwing, lightly drained
A: horns 2, powered by death 2, sharp scales 3, demonic magic 3, clever 1
}: 2/15 runes: barnacled, gossamer
a: Renounce Religion, Stomp


You were on level 2 of the Vaults.
You worshipped Uskayaw.
Uskayaw was pleased with you.
You visited 7 branches of the dungeon, and saw 33 of its levels.
You also visited: Bailey and Gauntlet.

You collected 3663 gold pieces.
You spent 1049 gold pieces at shops.

Inventory:

Hand Weapons
 a - a +3 rapier of speed
 J - a +5 dagger of speed
Missiles
 p - 5 throwing nets
Armour
 m - the +5 Storm Queen's Shield (worn) {shock, Fly rElec}
   (You found it in a bailey)

   Shock:     When it blocks an attack, it may electrocute the attacker.
   This works even against foes who are a short distance away.
   rElec:     It insulates you from electricity.
   Fly:       It grants you flight.
 C - a +2 pair of gloves (worn)
 G - the +2 cloak of Lialo (worn) {Slay+2}
   (You found it on level 2 of the Spider Nest)

   Slay:      It affects your accuracy & damage with ranged weapons and melee
   (+2).
 R - the +1 robe of the Shifting Gods (worn) {rF+ Int+3 SInv}
   (You found it on level 3 of the Spider Nest)

   Int:       It affects your intelligence (+3).
   rF:        It protects you from fire.
   SInv:      It lets you see invisible.
 V - a +2 pair of boots of flying (worn)
Magical Staves
 b - a staff of conjuration (weapon)
Jewellery
 g - the amulet of Leesto (around neck) {Faith rF+ rC- rN+}
   (You found it in a Gauntlet)

   [amulet of faith]

   It allows you to gain divine favour quickly.
   rF:        It protects you from fire.
   rC:        It makes you vulnerable to cold.
   rN:        It protects you from negative energy.
 i - an amulet of magic regeneration
 u - the ring "Woryoluf" {rC+ Will+ Int+2 Stlth+}
   (You found it on level 4 of the Lair of Beasts)

   [ring of willpower]

   Int:       It affects your intelligence (+2).
   rC:        It protects you from cold.
   Will:      It increases your willpower.
   Stlth:     It makes you more stealthy.
 v - the ring of Rul Hoi (right hand) {Ice rPois}
   (You took it off a minotaur in a Gauntlet)

   [ring of ice]

   It enhances your ice magic.
   rF:        It makes you vulnerable to fire.
   rC:        It protects you from cold.
   rPois:     It protects you from poison.
 y - a ring of wizardry
 Q - the ring "Laejaj" (left hand) {rF+ rC+ AC+4}
   (You found it on level 3 of the Spider Nest)

   [ring of protection]

   AC:        It affects your AC (+4).
   rF:        It protects you from fire.
   rC:        It protects you from cold.
Wands
 h - a wand of iceblast (23)
 s - a wand of polymorph (1)
 t - a wand of acid (9)
 x - a wand of charming (39)
 F - a wand of flame (75)
 H - a wand of digging (9)
 S - a wand of mindburst (4)
Scrolls
 d - 8 scrolls of poison
 k - a scroll of enchant weapon
 q - a scroll of fog
 r - 9 scrolls of identify
 D - 2 scrolls of amnesia
 L - 5 scrolls of magic mapping
 T - a scroll of butterflies
Potions
 c - 6 potions of flight
 e - a potion of mutation
 f - 6 potions of might
 j - 2 potions of lignification
 l - 2 potions of heal wounds
 w - a potion of berserk rage
 z - 12 potions of ambrosia
 A - 13 potions of curing
 B - a potion of magic
 I - 4 potions of resistance
 K - 5 potions of brilliance
 M - 4 potions of invisibility
 N - a potion of haste
 O - 4 potions of cancellation


   Skills:
 + Level 11.2 Fighting
 * Level 14.3 Short Blades
 * Level 8.9 Staves
 + Level 6.8 Armour
 + Level 7.4 Dodging
 + Level 11.1 Stealth
 * Level 8.7 Shields
 + Level 10.5 Spellcasting
 * Level 16.5 Conjurations
 * Level 6.0 Translocations
 + Level 13.9 Invocations
 + Level 7.5 Evocations


You had 5 spell levels left.
You knew the following spells:

 Your Spells              Type           Power      Damage    Failure   Level
a - Sticky Flame          Conj/Fire      87%        2d10      3%          4
b - Fulminant Prism       Conj/Hex       43%        3d19      3%          4
c - Iskenderun's Mystic   Conj/Tloc      100%       2d19      1%          4
e - Flame Wave            Conj/Fire      87%        2d19      3%          4
f - Orb of Destruction    Conj           59%        9d14      11%         7
g - Dazzling Flash        Conj/Hex       100%       N/A       1%          3
h - Summon Guardian Gole  Hex/Summ       18%        N/A       32%         3
i - Searing Ray           Conj           100%       2d8       1%          2
r - Vhi's Electric Charg  Tloc/Air       80%        N/A       10%         3

Your spell library contained the following spells:

 Spells                   Type           Power      Damage    Failure   Level
 Magic Dart               Conj           100%       1d8       0%          1
 Kiss of Death            Conj/Necr      100%       2d13      1%          1
 Blink                    Tloc           100%       N/A       1%          2
 Lesser Beckoning         Tloc           100%       N/A       1%          2
 Momentum Strike          Conj/Tloc      100%       3d10      1%          2
 Static Discharge         Conj/Air       100%       2-7/arc   1%          2
 Hailstorm                Conj/Ice       100%       3d20      1%          3
 Gell's Gravitas          Tloc           58%        N/A       2%          3
 Teleport Other           Tloc           58%        N/A       2%          3
 Manifold Assault         Tloc           58%        N/A       9%          4
 Passage of Golubria      Tloc           58%        N/A       9%          4
 Volatile Blastmotes      Fire/Tloc      80%        2d16      10%         3
 Arcjolt                  Conj/Air       43%        1d53      10%         5
 Cigotuvi's Dreadful Rot  Necr/Pois/Air  36%        N/A       16%         2
 Ensorcelled Hibernation  Hex/Ice        56%        N/A       16%         2
 Passwall                 Tmut/Erth      15%        N/A       16%         2
 Freezing Cloud           Conj/Ice/Air   46%        6-21      30%         5
 Confusing Touch          Hex            18%        N/A       32%         3
 Frozen Ramparts          Ice            56%        1d9       32%         3
 Ignite Poison            Fire/Tmut/Pois 18%        N/A       32%         3
 Inner Flame              Hex/Fire       18%        N/A       32%         3
 Swiftness                Air            18%        N/A       32%         3
 Tukima's Dance           Hex            18%        N/A       32%         3
 Summon Forest            Summ/Tloc      20%        N/A       65%         5
 Airstrike                Air            9%         2d(2-18)  71%         4
 Animate Dead             Necr           18%        N/A       71%         4
 Dispel Undead            Necr           18%        3d11      71%         4
 Ice Form                 Ice/Tmut       28%        N/A       71%         4
 Leda's Liquefaction      Hex/Erth       9%         N/A       71%         4
 Summon Ice Beast         Ice/Summ       28%        N/A       71%         4
 Summon Lightning Spire   Summ/Air       18%        N/A       71%         4
 Agony                    Necr           18%        N/A       96%         5
 Borgnjor's Vile Clutch   Necr/Erth      9%         N/A       96%         5
 Yara's Violent Unravell  Hex/Tmut       9%         3d6       96%         5
 Starburst                Conj/Fire      43%        6d12      50%         6
 Dispersal                Tloc           29%        N/A       80%         6
 Spellforged Servitor     Conj/Summ      43%        N/A       97%         7
 Death Channel            Necr           9%         N/A       100%        6
 Eringya's Noxious Bog    Tmut/Pois      9%         N/A       100%        6
 Plasma Beam              Fire/Air       9%         2x1d21    100%        6
 Simulacrum               Ice/Necr       14%        N/A       100%        6
 Enfeeble                 Hex            9%         N/A       100%        7
 Storm Form               Tmut/Air       9%         N/A       100%        7
 Summon Hydra             Summ           9%         N/A       100%        7
 Disjunction              Tloc           29%        N/A       100%        8
 Maxwell's Capacitive Co  Air            9%         ∞         100%        8


Dungeon Overview and Level Annotations

Branches:
Dungeon (15/15)            Temple (1/1) D:6            Lair (5/5) D:9
 Shoals (4/4) Lair:2       Spider (4/4) Lair:3        Slime (0/5) Lair:4
    Orc (2/2) D:12            Elf (0/3) Orc:2        Vaults (2/5) D:13
 Depths (0/4) D:15         Bailey (visited)         Gauntlet (visited)
  Crypt: Vaults:2-3

Altars:
Ashenzari
Cheibriados
Dithmenos
Fedhas
Gozag
Hepliaklqana
Kikubaaqudgha
Makhleb
Nemelex Xobeh
Okawaru
Qazlal
Ru
Sif Muna
Trog
Uskayaw
Vehumet
Wu Jian
Xom
Yredelemnul
Jiyva
Lugonu

Shops:
D:13 !   Orc:2 [?(*(   Shoals:4 *

Portals:
Abyss: Lair:5

Annotations:
Shoals:2 2 transporters, Cedruin's ghost, adept DrAr
Vaults:2 Saint Roka


Innate Abilities, Weirdness & Mutations

You have a pair of horns on your head.
You regenerate health from kills.
You are completely covered in razor-sharp scales. (AC +3, Slay +3)
Spells you cast and wands you use may paralyse nearby enemies.
Your mind is acute. (Int +4, Str/Dex -1)


Message History

Unknown command.
Casting: Sticky Flame (mildly dangerous; 3% risk of failure)
Confirm with . or Enter, or press ? or * to list all spells.
You don't have enough magic to cast this spell.
Unknown command.
You hit the curse skull but do no damage.
You blast the curse skull.
The curse skull is lightly damaged.
The curse skull burns!
The curse skull calls on the powers of darkness!
Your body is wracked with pain!
* * * LOW HITPOINT WARNING * * *
The phantasmal warrior hits you but does no damage.
As you read the scroll of teleportation, it crumbles to dust.
You feel strangely unstable. The phantasmal warrior hits you.
* * * LOW HITPOINT WARNING * * *
You hit the curse skull but do no damage.
The curse skull burns!
You hit the curse skull but do no damage.
You headbutt the curse skull, but do no damage.
The curse skull burns!
The phantasmal warrior hits you.
* * * LOW HITPOINT WARNING * * *
The flayed ghost cries, "Suffer as I suffered!"
Terrible wounds spread across more of your body!
* * * LOW HITPOINT WARNING * * *
The phantasmal warrior hits you but does no damage.
The curse skull calls on the powers of darkness!
Your body is wracked with pain!
* * * LOW HITPOINT WARNING * * *
The curse skull calls on the powers of darkness!
Your body is wracked with pain!
* * * LOW HITPOINT WARNING * * *
The phantasmal warrior barely misses you.
Your surroundings suddenly seem different.
A wizard and a yaktaur come into view.
Found 4 curare-tipped darts.
The orc warrior unwields a +0 short sword.
The orc warrior wields a +0 arbalest.
The orc warrior shoots a bolt.
The bolt hits you!
You die...

###############
..........c....
...............
...............
#............
#....@.......
#.......(....
#............
#..........p.
####
#............
....
#............
....
#..........##
#######
#oH........#
##......
.########..
##...###.


You could see a sphinx, a yaktaur (asleep), a wizard and an orc warrior.

Vanquished Creatures
  Nikola (Shoals:1)
  Rupert (Lair:5)
  Kirke (D:15)
  Polyphemus (Shoals:4)
  Agnes (D:14)
  Donald (Vaults:2)
  3 vault wardens
  5 emperor scorpions
  Ilsuiw (Shoals:2)
  Louise (Shoals:2)
  3 ghost moths
  A ghoul (Vaults:2)
  Aizul (Spider:1)
  3 ironbound preservers
  2 broodmothers (Spider:1)
  2 ironbound thunderhulks (Vaults:1)
  Nessos (D:12)
  3 spark wasps
  A minotaur (Gauntlet)
  The ghost of Alarion00 the Cleaver, a journeyman MiFi (Lair:2)
  4 dire elephants (Vaults:1)
  4 merfolk javelineers
  3 crystal guardians
  9 merfolk impalers
  3 great orbs of eyes
  Fannar (Lair:2)
  3 entropy weavers
  4 yaktaur captains
  Harold (D:10)
  4 vault guards
  2 peacekeepers
  2 jorogumos
  3 radroaches
  11 hydras
  6 boulder beetles
  2 catoblepae
  A death knight (D:15)
  3 alligator snapping turtles (Shoals:4)
  2 ironbound frosthearts (Vaults:1)
  5 ogre magi
  6 merfolk aquamancers
  4 satyrs
  18 centaur warriors
  24 two-headed ogres
  A vampire mage (Vaults:2)
  3 thrashing horrors (Lair:5)
  6 death yaks
  Nergalle (D:12)
  4 skysharks
  2 sun moths (Spider:3)
  5 skeletal warriors
  6 pharaoh ants
  10 sea snakes
  4 orb spiders
  A wizard (D:14)
  12 deep trolls
  4 lindwurms
  7 steelbarb worms
  2 ironbound convokers
  2 orc knights (Bailey)
  23 harpies
  5 deep elf pyromancers
  A necromancer (D:15)
  2 oklob plants (Lair:4)
  5 ugly things
  2 orc sorcerers (D:15)
  22 wolf spiders
  15 fauns
  13 manticores
  4 black mambas
  4 moths of wrath
  26 elephants
  6 cyclopes
  A black mamba (shapeshifter) (D:15)
  7 merfolk sirens
  7 vault sentinels
  Maurice (Orc:1)
  A naga mage (D:15)
  4 smoke demons
  7 torpor snails
  3 water nymphs
  A centaur zombie (D:15)
  15 demonic crawlers
  10 cane toads
  2 rime drakes (Lair:4)
  A kobold demonologist (D:12)
  An unseen horror (D:12)
  Psyche (D:12)
  12 yaktaurs
  12 komodo dragons
  A freezing wraith (D:15)
  2 tengu conjurers
  2 ancient zymes (Lair:5)
  6 polar bears
  A troll (shapeshifter) (Lair:5)
  4 wind drakes
  28 merfolk
  A queen bee (D:14)
  7 meliai
  3 trolls
  29 blink frogs
  30 tarantellas
  8 snapping turtles
  13 dream sheep
  A meliai zombie (D:15)
  A centaur simulacrum (D:15)
  43 jumping spiders
  17 slime creatures
  3 wraiths
  A spriggan (shapeshifter) (Lair:5)
  A shadow (D:11)
  A ynoxinul (Lair:5)
  4 wyverns
  12 water elementals
  13 humans
  A chaos spawn (Lair:5)
  58 yaks
  A hog (D:15)
  22 culicivoras
  32 redbacks
  10 vampire mosquitoes (D:12)
  6 basilisks
  14 small abominations (Lair:5)
  Menkaure (D:6)
  4 wargs
  14 water moccasins
  27 orc warriors
  6 black bears
  A sky beast (shapeshifter) (D:15)
  2 sky beasts
  31 ogres
  5 boggarts (D:15)
  19 wolves
  7 centaurs
  5 kobold brigands
  17 bullfrogs
  8 scorpions
  9 wights
  22 killer bees (D:14)
  8 electric eels
  5 howler monkeys
  A crimson imp (Spider:3)
  2 hounds
  3 jellies
  A gnoll bouda (D:4)
  14 orc priests
  An iguana (D:4)
  A sleepcap (D:5)
  15 orc wizards
  Terence (D:2)
  2 killer bee simulacra (D:8)
  8 adders
  9 gnolls
  A shadow imp (D:6)
  6 white imps
  A howler monkey simulacrum (D:8)
  3 ufetubi
  7 worms
  A dart slug (D:2)
  78 orcs
  3 bats
  9 endoplasms
  4 giant cockroaches
  11 goblins
  2 hobgoblins
  2 jackals (D:3)
  3 quokkas
  5 ball pythons
  A frilled lizard (D:3)
  26 kobolds
  3 rats
  A fulminant prism (Lair:4)
1235 creatures vanquished.

Vanquished Creatures (others)
  A merfolk avatar (Shoals:4)
  A manticore (Shoals:1)
  A human (D:13)
  2 redbacks (Spider:3)
  A kobold (D:8)
  2 demonic plants (Gauntlet)
  27 fulminant prisms
  21 fungi
  127 plants
183 creatures vanquished.

Grand Total: 1418 creatures vanquished

Notes
Turn   | Place    | Note
-------+----------+-------------------------------------------
     0 | D:1      | Alarkh the Demonspawn Conjurer began the quest for the Orb.
     0 | D:1      | Reached XP level 1. HP: 13/13 MP: 3/3
   223 | D:1      | Gained mutation: You regenerate a little health from kills.
                  | [demonic ancestry]
   223 | D:1      | Reached XP level 2. HP: 19/19 MP: 1/5
   258 | D:1      | Found a faded altar of an unknown god.
   729 | D:2      | Learned a level 2 spell: Searing Ray
   795 | D:2      | Noticed Terence
  1043 | D:2      | Found a shadowy altar of Dithmenos.
  1047 | D:2      | Reached skill level 5 in Conjurations
  1047 | D:2      | Reached XP level 3. HP: 24/24 MP: 2/6
  1236 | D:2      | Killed Terence
  1237 | D:2      | Gained mutation: Spells you cast may paralyse adjacent
                  | enemies. [demonic ancestry]
  1237 | D:2      | Reached XP level 4. HP: 30/30 MP: 1/7
  1718 | D:3      | Found a shadowy altar of Dithmenos.
  1982 | D:3      | Gained mutation: You are partially covered in razor-sharp
                  | scales. (AC +1, Slay +1) [demonic ancestry]
  1982 | D:3      | Reached XP level 5. HP: 36/36 MP: 4/8
  2199 | D:3      | Found a sacrificial altar of Ru.
  2210 | D:3      | Found a broken altar of Ashenzari.
  2405 | D:3      | Reached skill level 1 in Short Blades
  2511 | D:4      | You fall into a shaft and drop 1 floor!
  2511 | D:5      | Entered Level 5 of the Dungeon
  2548 | D:5      | Reached skill level 1 in Fighting
  2548 | D:5      | Reached skill level 6 in Conjurations
  2640 | D:5      | Gained mutation: Spells you cast may paralyse nearby
                  | enemies. [demonic ancestry]
  2640 | D:5      | Reached XP level 6. HP: 43/43 MP: 3/10
  2644 | D:5      | Noticed a water moccasin
  2717 | D:6      | Noticed a water moccasin
  3093 | D:4      | Learned a level 4 spell: Iskenderun's Mystic Blast
  3097 | D:4      | Learned a level 3 spell: Swiftness
  3986 | D:5      | Gained mutation: You are mostly covered in razor-sharp
                  | scales. (AC +2, Slay +2) [demonic ancestry]
  3986 | D:5      | Reached XP level 7. HP: 50/50 MP: 2/11
  4603 | D:6      | Found an ancient bone altar of Kikubaaqudgha.
  4607 | D:6      | Found a shimmering altar of Xom.
  4799 | D:6      | Reached skill level 7 in Conjurations
  4830 | D:6      | Found a staircase to the Ecumenical Temple.
  4860 | Temple   | Entered the Ecumenical Temple
  5086 | Temple   | Became a worshipper of Uskayaw the Reveller
  5247 | D:6      | Noticed Menkaure
  5336 | D:6      | Reached * piety under Uskayaw
  5337 | D:6      | Killed Menkaure
  5337 | D:6      | Reached ** piety under Uskayaw
  5338 | D:6      | Reached XP level 8. HP: 57/57 MP: 7/13
  5760 | D:7      | Reached *** piety under Uskayaw
  5762 | D:7      | Reached **** piety under Uskayaw
  5935 | D:7      | Reached skill level 1 in Invocations
  5999 | D:7      | Learned a level 4 spell: Fulminant Prism
  6256 | D:7      | Reached skill level 8 in Conjurations
  6303 | D:7      | Found a sparkling altar of Nemelex Xobeh.
  6340 | D:7      | Reached skill level 5 in Short Blades
  6514 | D:7      | Found a shimmering blue altar of Sif Muna.
  6530 | D:7      | Gained mutation: You have a pair of small horns on your
                  | head. [demonic ancestry]
  6530 | D:7      | Reached XP level 9. HP: 55/65 MP: 6/15
  7362 | D:8      | Identified the +4 long sword "Beast's Death" {spect, rElec}
  7425 | D:8      | Reached ***** piety under Uskayaw
  7437 | D:8      | Noticed a two-headed ogre
  7709 | D:8      | Killed a two-headed ogre
  7710 | D:8      | Reached skill level 5 in Stealth
  7710 | D:8      | Reached skill level 9 in Conjurations
  7859 | D:8      | Noticed a polar bear
  7870 | D:8      | Killed a polar bear
  7871 | D:8      | Reached skill level 5 in Spellcasting
  7980 | D:8      | Found a basalt altar of Yredelemnul.
  8041 | D:8      | Reached XP level 10. HP: 61/73 MP: 10/17
  8126 | D:8      | Reached skill level 5 in Fighting
  8460 | D:9      | Reached skill level 5 in Invocations
  8481 | D:9      | Reached ****** piety under Uskayaw
  8864 | D:9      | Reached skill level 10 in Conjurations
  9121 | D:9      | Found a staircase to the Lair.
  9207 | D:9      | Found an opulent altar of Gozag.
  9399 | Lair:1   | Entered Level 1 of the Lair of Beasts
  9463 | Lair:1   | Reached XP level 11. HP: 69/81 MP: 7/19
 10428 | Lair:1   | Reached skill level 11 in Conjurations
 10772 | Lair:1   | Noticed a boulder beetle
 10787 | Lair:1   | Killed a boulder beetle
 10996 | Lair:1   | Learned a level 7 spell: Orb of Destruction
 11275 | Lair:1   | Reached XP level 12. HP: 89/89 MP: 9/22
 11804 | Lair:1   | Learned a level 3 spell: Dazzling Flash
 12290 | Lair:2   | Reached skill level 12 in Conjurations
 12291 | Lair:2   | Noticed a death yak
 12301 | Lair:2   | Noticed a death yak
 12482 | Lair:2   | Killed a death yak
 12636 | Lair:2   | Found a staircase to the Shoals.
 12731 | Lair:2   | Noticed a death yak
 12732 | Lair:2   | Noticed a death yak
 12768 | Lair:2   | Killed a death yak
 12769 | Lair:2   | Reached skill level 10 in Short Blades
 12774 | Lair:2   | Killed a death yak
 12793 | Lair:2   | Killed a death yak
 12915 | Lair:2   | Found a runed translucent gate.
 12915 | Lair:2   | Found a runed translucent gate.
 12917 | Lair:2   | Found a runed translucent gate.
 12919 | Lair:2   | Noticed Alarion00's ghost (journeyman MiFi)
 12919 | Lair:2   | Noticed a ten-headed hydra
 12920 | Lair:2   | Noticed a 13-headed hydra
 12985 | Lair:2   | Noticed Fannar
 12997 | Lair:2   | Killed Fannar
 13218 | Lair:2   | Noticed an eight-headed hydra
 13225 | Lair:2   | Killed an eight-headed hydra
 13734 | Lair:3   | Gained mutation: You have a pair of horns on your head.
                  | [demonic ancestry]
 13734 | Lair:3   | Reached XP level 13. HP: 93/98 MP: 11/24
 13984 | Lair:3   | Found a gate leading to a gauntlet.
 13998 | Gauntlet | Entered a Gauntlet
 13998 | Gauntlet | Found a transporter.
 13998 | Gauntlet | Found a transporter.
 14078 | Gauntlet | Found a transporter.
 14078 | Gauntlet | Found a transporter.
 14081 | Gauntlet | Found a transporter.
 14083 | Gauntlet | Found a large runed translucent door.
 14105 | Gauntlet | Found a large runed translucent door.
 14106 | Gauntlet | Found a large runed translucent door.
 14106 | Gauntlet | Found a large runed translucent door.
 14106 | Gauntlet | Found a runed translucent door.
 14106 | Gauntlet | Found a runed translucent door.
 14107 | Gauntlet | Found a large runed translucent door.
 14107 | Gauntlet | Found a large runed translucent door.
 14107 | Gauntlet | Found a large runed translucent door.
 14107 | Gauntlet | Found a large runed translucent door.
 14108 | Gauntlet | Found a large runed translucent door.
 14108 | Gauntlet | Found a large runed translucent door.
 14109 | Gauntlet | Found a large runed translucent door.
 14109 | Gauntlet | Found a large runed translucent door.
 14110 | Gauntlet | Found a runed translucent gate.
 14110 | Gauntlet | Found a runed translucent gate.
 14110 | Gauntlet | Found a runed translucent gate.
 14112 | Gauntlet | Found a transporter.
 14123 | Gauntlet | Found a large runed translucent door.
 14124 | Gauntlet | Found a large runed translucent door.
 14133 | Gauntlet | Found a large runed translucent door.
 14133 | Gauntlet | Found a large runed translucent door.
 14179 | Gauntlet | Found a transporter.
 14194 | Gauntlet | Found a transporter.
 14204 | Gauntlet | Found a transporter.
 14214 | Gauntlet | Found a transporter.
 14229 | Gauntlet | Found a transporter.
 14235 | Gauntlet | Found a transporter.
 14308 | Gauntlet | Identified the amulet of Leesto {Faith rF+ rC- rN+}
 14441 | Gauntlet | Identified the ring of Rul Hoi {Ice rPois}
 14441 | Gauntlet | Noticed a minotaur
 14445 | Gauntlet | Killed a minotaur
 14453 | Gauntlet | Identified the +2 chain mail of Monotheism {Rampage rPois
                  | Regen+ Str+2}
 14651 | Lair:3   | Found a hole to the Spider Nest.
 14672 | Lair:3   | Reached skill level 1 in Evocations
 14938 | Lair:3   | You fall into a shaft and drop 2 floors!
 14938 | Lair:5   | Entered Level 5 of the Lair of Beasts
 15007 | Lair:4   | Reached skill level 1 in Staves
 15194 | Lair:4   | Reached skill level 13 in Conjurations
 15197 | Lair:4   | Reached skill level 1 in Armour
 15830 | Lair:4   | Identified the ring "Woryoluf" {rC+ Will+ Int+2 Stlth+}
 16678 | Lair:4   | Reached skill level 10 in Invocations
 17314 | Lair:4   | Found a viscous altar of Jiyva.
 17317 | Lair:4   | Found a staircase to the Slime Pits.
 17873 | Lair:5   | Noticed Rupert
 17900 | Lair:5   | Learned a level 3 spell: Summon Guardian Golem
 17934 | Lair:5   | Killed Rupert
 17935 | Lair:5   | Gained mutation: You are completely covered in razor-sharp
                  | scales. (AC +3, Slay +3) [demonic ancestry]
 17935 | Lair:5   | Reached XP level 14. HP: 105/106 MP: 4/26
 18456 | Lair:5   | Identified the +3 plate armour of Responsibility {+Inv
                  | rPois rF-}
 19921 | Lair:5   | Found a corrupted altar of Lugonu.
 19921 | Lair:5   | Found a one-way gate to the infinite horrors of the Abyss.
 19971 | Lair:5   | Got the Octavo of the Sage
 20676 | D:10     | Entered Level 10 of the Dungeon
 20676 | D:10     | Noticed Harold
 20703 | D:10     | Killed Harold
 20990 | D:10     | Found a flagged portal.
 21001 | Bailey   | Entered a bailey
 21525 | Bailey   | Found the +5 Storm Queen's Shield {shock, Fly rElec}
 22427 | D:12     | Reached skill level 14 in Conjurations
 22429 | D:12     | Reached skill level 1 in Shields
 22495 | D:12     | Found a staircase to the Orcish Mines.
 22600 | D:12     | Reached XP level 15. HP: 112/113 MP: 15/27
 22739 | D:12     | Noticed Nergalle
 22754 | D:12     | Killed Nergalle
 22864 | D:12     | Noticed Psyche
 22876 | D:12     | Killed Psyche
 22957 | D:12     | Noticed Nessos
 22971 | D:12     | Killed Nessos
 23646 | Orc:1    | Entered Level 1 of the Orcish Mines
 24502 | D:13     | Found Aziorph's Distillery.
 25634 | Orc:2    | Entered Level 2 of the Orcish Mines
 25908 | Orc:2    | Found Vockoa's Armour Shop.
 26221 | Orc:2    | Found Idikov's Magic Scroll Emporium.
 26221 | Orc:2    | Found Xitaalew's General Store.
 26393 | Orc:2    | Found Arhyamoc's Antique Weapon Shoppe.
 26393 | Orc:2    | Found Orymuar's Antique Weapon Shop.
 26443 | Orc:2    | Bought a twisted short sword for 336 gold pieces
 26443 | Orc:2    | Identified the +4 short sword "Jeugoej" {freeze, Int+3
                  | Dex+4} (You bought it in a shop on level 2 of the Orcish
                  | Mines)
 26702 | Orc:2    | Found a staircase to the Elven Halls.
 26909 | Orc:1    | Noticed Maurice
 26912 | Orc:1    | Killed Maurice
 26982 | Orc:2    | Bought a twisted scimitar for 198 gold pieces
 26982 | Orc:2    | Identified the +6 scimitar "Duehow" {drain, Str+2} (You
                  | bought it in a shop on level 2 of the Orcish Mines)
 26983 | Orc:2    | Bought a scroll of fear for 56 gold pieces
 26983 | Orc:2    | Bought a scroll of blinking for 105 gold pieces
 26985 | Orc:2    | Bought a scroll of teleportation for 42 gold pieces
 27141 | D:13     | Bought a potion of curing for 54 gold pieces
 27141 | D:13     | Bought a potion of ambrosia for 144 gold pieces
 27141 | D:13     | Bought a potion of heal wounds for 90 gold pieces
 27524 | D:13     | Found a gate to the Vaults.
 27635 | D:14     | Learned a level 4 spell: Sticky Flame
 27948 | D:14     | Noticed Agnes
 27956 | D:14     | Killed Agnes
 28008 | D:14     | Identified the +1 pair of boots of Okawaru, Charming {rN++
                  | Will-}
 28080 | D:14     | Reached skill level 5 in Dodging
 28362 | D:14     | Found a blossoming altar of Fedhas.
 28564 | D:15     | Entered Level 15 of the Dungeon
 28984 | D:15     | Reached skill level 5 in Evocations
 28984 | D:15     | Gained mutation: You regenerate health from kills. [demonic
                  | ancestry]
 28984 | D:15     | Reached XP level 16. HP: 121/121 MP: 29/29
 28996 | D:15     | Noticed Kirke
 29003 | D:15     | Killed Kirke
 29004 | D:15     | Reached skill level 5 in Staves
 29956 | D:15     | Found a staircase to the Depths.
 30294 | Lair:2   | Reached skill level 5 in Shields
 30298 | Lair:2   | Killed Alarion00's ghost
 30310 | Lair:2   | Identified the +7 scimitar of the Holding Augurer {flame,
                  | Will+ rCorr Str+3}
 30405 | Spider:1 | Entered Level 1 of the Spider Nest
 30888 | Spider:1 | Noticed Aizul
 30911 | Spider:1 | Killed Aizul
 31830 | Spider:1 | Reached skill level 10 in Fighting
 32301 | Spider:1 | Reached skill level 15 in Conjurations
 32404 | Spider:1 | Reached skill level 5 in Armour
 33015 | Spider:2 | Reached skill level 10 in Stealth
 33371 | Spider:2 | Learned a level 4 spell: Flame Wave
 34324 | Spider:2 | Identified the +2 cloak of Lialo {Slay+2}
 34786 | Spider:3 | Gained mutation: Spells you cast and wands you use may
                  | paralyse nearby enemies. [demonic ancestry]
 34786 | Spider:3 | Reached XP level 17. HP: 128/128 MP: 14/30
 34879 | Spider:3 | Identified the ring "Laejaj" {rF+ rC+ AC+4}
 35588 | Spider:3 | Reached skill level 1 in Translocations
 35592 | Spider:3 | Identified the +1 robe of the Shifting Gods {rF+ Int+3
                  | SInv}
 35869 | Spider:4 | Entered Level 4 of the Spider Nest
 37136 | Spider:3 | Gained mutation: You sometimes lose your temper in combat.
                  | [mutagenic glow]
 37315 | Spider:3 | Lost mutation: You sometimes lose your temper in combat.
                  | [potion of mutation]
 37315 | Spider:3 | Gained mutation: You are vulnerable to cold. (rC-) [potion
                  | of mutation]
 37315 | Spider:3 | Gained mutation: You expend magic power (3 MP) to
                  | strengthen your wands. [potion of mutation]
 37316 | Spider:3 | Lost mutation: You expend magic power (3 MP) to strengthen
                  | your wands. [potion of mutation]
 37316 | Spider:3 | Lost mutation: You are vulnerable to cold. (rC-) [potion of
                  | mutation]
 37316 | Spider:3 | Gained mutation: Your mind is acute. (Int +4, Str/Dex -1)
                  | [potion of mutation]
 39447 | Spider:4 | Got a gossamer rune of Zot
 39992 | Shoals:1 | Entered Level 1 of the Shoals
 40120 | Shoals:1 | Noticed Nikola
 40909 | Shoals:2 | Noticed Louise
 41339 | Shoals:2 | Found a transporter.
 41589 | Shoals:2 | Noticed Ilsuiw
 42173 | Lair:2   | Learned a level 3 spell: Vhi's Electric Charge
 42344 | Vaults:1 | Entered Level 1 of the Vaults
 42551 | D:13     | Reached skill level 10 in Spellcasting
 42707 | Vaults:1 | Reached XP level 18. HP: 118/136 MP: 13/32
 43414 | D:13     | HP: 3/136 [yaktaur captain/bolt (26)]
 43906 | Vaults:1 | You are sucked into a shaft and drop 1 floor!
 44281 | Vaults:2 | Noticed Donald
 44288 | Vaults:2 | Killed Donald
 44477 | Vaults:2 | Noticed Saint Roka
 44549 | Vaults:1 | HP: 4/136 [centaur warrior/arrow (16)]
 45179 | Shoals:1 | Killed Nikola
 46084 | Shoals:2 | Killed Ilsuiw
 46088 | Shoals:2 | Found a transporter.
 46262 | Shoals:2 | Noticed Cedruin's ghost (adept DrAr)
 46533 | Shoals:2 | Killed Louise
 46725 | Shoals:3 | Reached skill level 16 in Conjurations
 48284 | Shoals:4 | Entered Level 4 of the Shoals
 48287 | Shoals:4 | Reached skill level 5 in Translocations
 48682 | Shoals:4 | Identified the ring "Cukil" {Fire rPois Str+2}
 48819 | Shoals:4 | Noticed Polyphemus
 49138 | Shoals:4 | Found Byicic's CLEARANCE SALE!.
 50512 | Shoals:4 | Reached XP level 19. HP: 130/143 MP: 18/33
 50974 | Shoals:4 | Killed Polyphemus
 51127 | Shoals:4 | Got a barnacled rune of Zot
 51418 | Shoals:4 | Found Byicic's CLEARANCE SALE!.
 52077 | Shoals:4 | Bought a potion of curing for 24 gold pieces
 53135 | Vaults:1 | Identified the +0 cloak of the Heavens {Contam Rampage
                  | rElec MP+9}
 53533 | Vaults:1 | Identified the +9 short sword of the Damp God {vamp, rElec
                  | rPois}
 54118 | Vaults:1 | Identified the +0 scale mail of Mumblety Peg {SInv}
 54507 | Vaults:2 | Shot with a bolt by an orc warrior

Illustrated notes

Levels and vault maps discovered:
D:1:      evilmike_arrival_hilbert_curve, layout_basic,
          ebering_ecumenical_altar_abandoned
D:2:      layout_rooms, basic_altar, minivault_23, minmay_puff, uniq_terence
D:3:      layout_rooms, mainiacjoe_overflow_catwalk_spiral,
          amethyst_overflow_temple_binary
D:4:      layout_basic
D:5:      layout_rooms
D:6:      layout_basic, grunt_temple_overflow_open, minmay_temple_entry_glass,
          kennysheep_generic_room_6, uniq_menkaure
D:7:      layout_basic, mainiacjoe_overflow_alcove_2,
          nemelex_diamond_rough_becter, kennysheep_decorative_pillar,
          nrook_uturn
D:8:      layout_cave_pools, kennysheep_ying_yang, serial_ice, serial_ice_b,
          serial_ice_a, serial_ice_m, serial_ice_o, serial_ice_i, serial_ice_e,
          serial_ice_g
D:9:      layout_small_grid, nicolae_gozag_seed_capital,
          grunt_lair_entry_orc_guard_hut
D:10:     layout_roguey [special_room_orc], enter_bailey_3,
          minmay_crystal_water, uniq_harold
D:11:     layout_basic
D:12:     layout_loops_ring, orc_david_3, uniq_psyche, uniq_nessos,
          uniq_nergalle
D:13:     layout_loops_ring, ximxim_vaults_locker_room, serial_shops,
          nicolae_shop_competitors_out_of_business
D:14:     layout_loops_ring, special_room [special_room_bee],
          fedhas_altar_fruit_tree, amcnicky_mini_corridor_feature, uniq_agnes
D:15:     grunt_enter_depths_magical_seal, layout_stronghold,
          minmay_stone_trees_small, onia_ninara_cookie, uniq_kirke
Temple:   grunt_temple_mini_profane
Lair:1:   layout_regular_city, serial_rivers, chequers_serial_rivers_small_b,
          chequers_serial_rivers_micro_d, chequers_serial_rivers_small_a,
          chequers_serial_rivers_micro_b, chequers_serial_rivers_small_b,
          pdpol_lair_cavern_descent
Lair:2:   layout_small_grid, elwin_shoals_entry_rocks,
          gammafunk_ghost_hydra_chop, grunt_megastairs_1, uniq_fannar
Lair:3:   layout_cave_pods, nicolae_spider_entry_non_spiders,
          gauntlet_entry_generic, grunt_forest_stairs_basic,
          serial_bayou_shore_a
Lair:4:   layout_cave_pods, minmay_slime_entry_oklob_open, beast_lair_carwin_4,
          lemuel_fruit_fields, serial_bayou_shore_b
Lair:5:   hellmonk_lair_end_abyssal_woods, layout_hall_layers,
          wad_woods_road_01, uniq_rupert
Shoals:1: layout_shoals, uniq_nikola
Shoals:2: layout_shoals, gammafunk_ghost_berserking_beasts, uniq_louise,
          uniq_ilsuiw
Shoals:3: layout_shoals
Shoals:4: shoals_end_simple, layout_shoals, nicolae_shop_clearance,
          uniq_polyphemus
Spider:1: nicolae_spider_hilbert_zone_3 [nicolae_spider_hilbert_4_sides_2_open,
          nicolae_spider_hilbert_3_sides_1_open,
          nicolae_spider_hilbert_3_sides_1_open,
          nicolae_spider_hilbert_3_sides_1_open,
          nicolae_spider_hilbert_3_sides_1_open,
          nicolae_spider_hilbert_4_sides_1_open,
          nicolae_spider_hilbert_4_sides_1_open,
          nicolae_spider_hilbert_4_sides_1_open,
          nicolae_spider_hilbert_4_sides_1_open,
          nicolae_spider_hilbert_4_sides_1_open,
          nicolae_spider_hilbert_4_sides_1_open,
          nicolae_spider_hilbert_4_sides_1_open,
          nicolae_spider_hilbert_4_sides_1_open,
          nicolae_spider_hilbert_3_sides_1_open,
          nicolae_spider_hilbert_3_sides_1_open,
          nicolae_spider_hilbert_3_sides_1_open,
          nicolae_spider_hilbert_3_sides_1_open], uniq_aizul
Spider:2: nicolae_spider_mines_3, nicolae_spider_cling_halls
Spider:3: layout_spider_delve, nicolae_crawler_farm
Spider:4: grunt_spider_rune_parallel
Orc:1:    layout_diamond_mine, uniq_maurice
Orc:2:    st_orc_ogre_mass, layout_caves, basic_altar, serial_shops, shop
Vaults:1: nicolae_vaults_circle_grid_b, nicolae_vaults_network_barrier,
          nicolae_vaults_theta, v_misc_19, nicolae_vaults_closet_pinwheel_4,
          nicolae_vaults_little_squares_4, vaults_dpeg_ring,
          nicolae_vaults_tetromino_T_2, vaults_mumra_hex,
          grunt_vaults_hallway_short, vaults_dpeg_emergency_exit,
          layout_vaults_omnigrid
Vaults:2: vaults_room_octagon, vaults_mumra_chevron, v_misc_5,
          hangedman_vaults_pinch, minmay_crypt_entry_simple_sparse,
          nicolae_vaults_ring_of_whatevers, v_misc_30, vaults_dpeg_hooks,
          ontoclasm_vaults_shuriken, nicolae_vaults_surprise_closet,
          layout_vaults_chaotic_city, uniq_donald, uniq_saint_roka

Skill      XL: |  1  2  3  4  5  6  7  8  9 10 11 12 13 14 15 16 17 18 19 |
---------------+----------------------------------------------------------+-----
Conjurations   | 5 6 7 8 9 10 11 12 13 14 15 16 | 16.5
Stealth        | 2 3 4 5 6 7 8 9 10 11 | 11.1
Short Blades   | 1 2 3 5 6 7 9 10 11 12 13 14 | 14.3
Fighting       | 1 2 3 4 5 6 7 8 9 10 11 | 11.2
Spellcasting   | 3 4 5 6 7 8 9 10 | 10.5
Invocations    | 2 4 6 7 9 10 11 12 13 | 13.9
Evocations     | 2 4 5 6 7 |  7.5
Staves         | 2 3 4 6 7 8 |  8.9
Dodging        | 3 4 5 6 7 |  7.4
Armour         | 1 3 4 5 6 |  6.8
Shields        | 1 4 6 7 8 |  8.7
Translocations | 3 5 6 |  6.0

Action                     |  1- 3 |  4- 6 |  7- 9 | 10-12 | 13-15 | 16-18 | 19-21 || total
---------------------------+-------+-------+-------+-------+-------+-------+-------++-------
  Melee: Dagger            |    20 |    23 |    50 |   191 |   448 |   471 |       ||  1203
         Headbutt          |       |       |     2 |    47 |    91 |   179 |    21 ||   340
         Long sword        |       |       |     1 |     2 |       |       |       ||     3
         Staff             |       |       |       |       |    65 |   149 |    23 ||   237
         Punch             |       |       |       |       |     2 |       |       ||     2
         Rapier            |       |       |       |       |       |    81 |    54 ||   135
   Cast: Magic Dart        |    37 |    80 |    37 |     8 |    13 |     1 |       ||   176
         Searing Ray       |     4 |    23 |    58 |   126 |   262 |    22 |       ||   495
         Fulminant Prism   |       |       |     1 |       |    25 |     2 |       ||    28
         Iskenderun's Myst |       |       |       |    14 |    31 |    21 |     1 ||    67
         Dazzling Flash    |       |       |       |     6 |    31 |     4 |       ||    41
         Orb of Destructio |       |       |       |     1 |    10 |    47 |    27 ||    85
         Sticky Flame      |       |       |       |       |     6 |   212 |    24 ||   242
         Flame Wave        |       |       |       |       |       |    57 |     2 ||    59
         Vhi's Electric Ch |       |       |       |       |       |    26 |     9 ||    35
 Invoke: Line Pass         |       |       |       |       |     2 |     4 |       ||     6
         Stomp             |       |       |       |       |     1 |     3 |       ||     4
  Evoke: Wand              |       |       |       |     1 |     2 |    13 |       ||    16
    Use: Scroll            |     2 |     7 |     4 |     7 |    14 |    36 |     2 ||    72
         Potion            |       |     1 |     1 |     1 |     7 |    16 |     3 ||    29
   Stab: Paralysed         |       |     7 |    20 |    67 |   219 |   260 |    28 ||   601
         Distracted        |       |     1 |       |       |     3 |     3 |       ||     7
         Sleeping          |       |       |     1 |     4 |    29 |    36 |       ||    70
         Invisible         |       |       |       |     2 |    13 |       |       ||    15
         Confused          |       |       |       |       |     2 |     1 |       ||     3
 Armour: Robe              |     5 |     7 |    11 |    83 |   159 |   158 |    30 ||   453
         Skin              |       |     6 |     1 |       |    64 |       |       ||    71
         Leather armour    |       |       |       |       |       |   271 |       ||   271
  Dodge: Dodged            |    14 |    34 |    90 |   383 |   496 |   363 |    27 ||  1407
  Block: Kite shield       |       |       |       |       |   177 |   740 |    65 ||   982
